 Dungeon Crawl Stone Soup version 0.31.0-32-g396128a36d (webtiles) character file.

Game seed: 7698824536842592787

1173 MollyMolluskus the Ruffian (level 8, -1/55 HPs)
             Began as an Octopode Fighter on Apr 4, 2024.
             Was an Initiate of Wu Jian.
             Slain by a yak (5 damage)
             ... on level 5 of the Dungeon.
             The game lasted 00:15:04 (4230 turns).

MollyMolluskus the Ruffian (Octopode Fighter)       Turns: 4230, Time: 00:15:04

Health: -1/55      AC:  8    Str: 18    XL:     8   Next: 41%
Magic:  8/8        EV: 14    Int: 10    God:    Wu Jian [......]
Gold:   256        SH:  9    Dex: 11    Spells: 7/7 levels left

rFire   + . .        s - +1 hand axe of the Median {protect, *Rage rF+ rN+}
rCold   . . .        a - +0 buckler
rNeg    + . .        (helmet restricted)
rPois   .            d - amulet of reflection
rElec   .            (no ring)
rCorr   .            (no ring)
SInv    .            (no ring)
Will    .....        (no ring)
Stlth   +++          (no ring)
HPRegen 0.29/turn    (no ring)
MPRegen 0.11/turn    (no ring)
                     (no ring)

%: random rage (20%), reflection
@: mighty, under a protective aura, on berserk cooldown, slowed, very slow
A: almost no armour, amphibious, 8 rings, camouflage 1, gelatinous body 1,
(nimble swimmer 1), tentacles
a: Renounce Religion


You were on level 5 of the Dungeon.
You worshipped Wu Jian.
Wu Jian was noncommittal.
You visited 2 branches of the dungeon, and saw 6 of its levels.

You collected 256 gold pieces.

Inventory:

Hand Weapons
 b - the +6 hand axe of Might {holy, rPois rF+ SInv}
   (You found it on level 3 of the Dungeon)

   rF+:       It protects you from fire.
   rPois:     It protects you from poison SInv: It lets you see invisible.
 s - the +1 hand axe of the Median (weapon) {protect, *Rage rF+ rN+}
   (You found it on level 3 of the Dungeon)

   rF+:       It protects you from fire.
   rN+:       It protects you from negative energy.
   *Rage:     It berserks you when you make melee attacks (+20% chance).
Missiles
 h - 46 stones (quivered)
 i - 4 poisoned darts
Armour
 a - a +0 buckler (worn)
Jewellery
 d - an amulet of reflection (around mantle)
Wands
 o - a wand of acid (11)
Scrolls
 c - a scroll of teleportation
 j - 2 scrolls of poison
 r - a scroll of silence {unknown}
Potions
 e - a potion of haste
 f - a potion of berserk rage
 g - a potion of curing
 k - a potion of heal wounds {unknown}
 l - a potion of degeneration {unknown}
 m - a potion of cancellation {unknown}
 n - 3 potions of might
 p - a potion of lignification {unknown}


   Skills:
 + Level 5.2 Fighting
 + Level 5.3 Dodging
 - Level 4.0 Stealth
 - Level 4.0 Shields
 * Level 6.6 Unarmed Combat


You had 7 spell levels left.
You didn't know any spells.
Your spell library contained the following spells:

 Spells                   Type           Power      Damage    Failure   Level
 Apportation              Tloc           0%         N/A       43%         1
 Foxfire                  Conj/Fire      0%         2x1d4     43%         1
 Freeze                   Ice            0%         1d3       43%         1
 Necrotise                Necr           0%         1d4       43%         1
 Sting                    Conj/Alch      0%         1d3       43%         1
 Summon Small Mammal      Summ           0%         N/A       43%         1
 Frozen Ramparts          Ice            0%         1d1       82%         3
 Hailstorm                Conj/Ice       0%         3d5       82%         3
 Tukima's Dance           Hex            0%         N/A       82%         3
 Passage of Golubria      Tloc           0%         N/A       99%         4
 Yara's Violent Unravell  Hex/Alch       0%         3d3       100%        5
 Plasma Beam              Fire/Air       0%         2x1d10    100%        6
 Starburst                Conj/Fire      0%         6d3       100%        6


Dungeon Overview and Level Annotations

Branches:
Dungeon (5/15)             Temple (1/1) D:5

Altars:
Ashenzari
Cheibriados
Elyvilon
Fedhas
Hepliaklqana
Kikubaaqudgha
Makhleb
Okawaru
Qazlal
Trog
Uskayaw
Vehumet
Wu Jian
Xom
Yredelemnul
Zin


Innate Abilities, Weirdness & Mutations

You cannot wear most types of armour.
You are amphibious.
You can wear up to eight rings at the same time.
Your skin changes colour to match your surroundings (Stealth+).
Your rubbery body absorbs attacks. (AC +1, EV +1)
((You are camouflaged when in or above water. (Stealth+)))
You have tentacles for arms and can constrict up to eight enemies at once.


Message History

You feel yourself slow down.
Unknown command.
As you read the scroll of fear, it crumbles to dust.
You assume a fearsome visage.
The yak looks frightened! x2
You feel better. The ice beast closely misses you.
You hit the ice beast but do no damage. Your squeeze misses the ice beast.
You block the ice beast's attack.
Cornered, the yak turns to fight!
The ice beast hits you but does no damage.
Unknown command.
You closely miss the ice beast. Your squeeze misses the ice beast.
The yak seems to regain its courage.
You block the ice beast's attack. The ice beast misses you.
Unknown command.
You hit the ice beast but do no damage.
The ice beast hits you but does no damage.
The ice beast barely misses you.
Unknown command.
You closely miss the ice beast. You squeeze the ice beast!
The ice beast is moderately wounded.
You block the ice beast's attack. The yak misses you.
The ice beast closely misses you.
Unknown command.
You hit the ice beast. Your squeeze misses the ice beast.
The ice beast is heavily wounded.
You hit the yak. You block the ice beast's attack.
The ice beast barely misses you.
Unknown command.
The yak attacks as it pursues you! You block the yak's attack. x2
The ice beast closely misses you. The yak attacks as it pursues you!
You block the yak's attack.
You feel very mighty all of a sudden. The yak gores you!
* * * LOW HITPOINT WARNING * * *
The yak closely misses you.
You hit the yak.
Your weapon exudes an aura of protection.
You tentacle-slap the yak. You squeeze the yak.
The yak is severely wounded.
The yak gores you.
You die...

## ##. #..)...... #.# #..
##......... #..#..
#.......... #....
##.......... #.###...#
#####........... #.....†.##
#..##...........
###......##
#..#........>...
####....####...............
##..YYY@...#............
##.########............ ###
##........... #####
#........... ####...##
##.......... #...##..##
###.......... ########.###
#............ ##..###
#..#.........
##...###..##........


You could see 2 yaks and an ice beast.

Vanquished Creatures
  4 yaks (D:5)
  A water moccasin (D:5)
  A scorpion (D:5)
  2 bombardier beetles (D:5)
  3 orc priests (D:4)
  2 sleepcaps (D:5)
  6 gnolls
  4 adders
  6 dart slugs
  3 ribbon worms
  11 orcs
  3 bats
  3 endoplasms
  7 giant cockroaches
  6 hobgoblins
  13 jackals
  5 quokkas
  8 ball pythons
  3 frilled lizards
  10 goblins
  8 kobolds
  6 rats
115 creatures vanquished.

Notes
Turn   | Place    | Note
-------+----------+-------------------------------------------
     0 | D:1      | MollyMolluskus the Octopode Fighter began the quest for the
                  | Orb.
     0 | D:1      | Reached XP level 1. HP: 16/16 MP: 1/1
    87 | D:1      | Reached XP level 2. HP: 21/21 MP: 2/2
   151 | D:1      | Reached skill level 1 in Stealth
   329 | D:1      | Reached XP level 3. HP: 25/26 MP: 3/3
  1061 | D:2      | Reached skill level 3 in Unarmed Combat
  1277 | D:2      | Reached XP level 4. HP: 31/31 MP: 4/4
  1344 | D:3      | Identified the +1 hand axe of the Median {protect, *Rage
                  | rF+ rN+}
  1884 | D:3      | Reached XP level 5. HP: 36/36 MP: 5/5
  2215 | D:3      | Identified the +6 hand axe of Might {holy, rPois rF+ SInv}
  2405 | D:4      | Found a bloodstained altar of Trog.
  2486 | D:4      | Reached XP level 6. HP: 26/43 MP: 6/6
  2559 | D:4      | Reached skill level 4 in Unarmed Combat
  2704 | D:4      | Found an iron altar of Okawaru.
  2970 | D:4      | Found a radiant altar of Vehumet.
  3046 | D:5      | Entered Level 5 of the Dungeon
  3107 | D:5      | Noticed a water moccasin
  3119 | D:5      | Killed a water moccasin
  3316 | D:5      | Found a staircase to the Ecumenical Temple.
  3325 | Temple   | Entered the Ecumenical Temple
  3334 | Temple   | Became a worshipper of the Wu Jian Council
  3358 | D:5      | Reached XP level 7. HP: 48/48 MP: 7/7
  3612 | D:5      | Found a stormy altar of Qazlal.
  3638 | D:5      | Reached skill level 5 in Unarmed Combat
  3777 | D:5      | Identified the +5 mace "Didghe Ynoha" {speed, rCorr}
  3793 | D:5      | Noticed a yak
  3950 | D:5      | Noticed a +0 hand axe
  3951 | D:5      | Noticed a +0 dagger
  4025 | D:5      | Found a hide-covered altar of Uskayaw.
  4202 | D:5      | Noticed a yak
  4202 | D:5      | Noticed a yak
  4203 | D:5      | Noticed a yak
  4203 | D:5      | Noticed a yak
  4203 | D:5      | Noticed a yak
  4207 | D:5      | Killed a yak
  4211 | D:5      | Killed a yak
  4212 | D:5      | Reached XP level 8. HP: 50/54 MP: 8/8
  4213 | D:5      | Killed a yak
  4214 | D:5      | Reached skill level 5 in Fighting
  4214 | D:5      | Reached skill level 5 in Dodging
  4214 | D:5      | Reached skill level 6 in Unarmed Combat
  4215 | D:5      | HP: 3/82 [yak (10)]
  4216 | D:5      | Killed a yak
  4230 | D:5      | Slain by a yak

Illustrated notes

Levels and vault maps discovered:
D:1:      scummos_arrival_checkerplants, layout_loops_ring, serial_forest,
          infiniplex_forest_clump_cross, infiniplex_forest_corner_1,
          infiniplex_forest_end_1, infiniplex_forest_lined_2,
          infiniplex_forest_straight_5, infiniplex_forest_corner_1,
          infiniplex_forest_clump_tiny, infiniplex_forest_lined_room_3,
          st_stairs_7
D:2:      layout_basic
D:3:      layout_loops_cross
D:4:      layout_cave_pools, mainiacjoe_overflow_paths, bloody_trog,
          lemuel_doored_altar, minmay_quadrilaterals
D:5:      layout_layer_cave, dancing_weapons_uskayaw, lemuel_round_altar,
          minmay_temple_entry_stoned_glass, chequers_serial_rivers_micro_c
Temple:   nicolae_temple_ecumenical_triangle

Skill      XL: |  1  2  3  4  5  6  7  8 |
---------------+-------------------------+-----
Stealth        | 1 2 3 4 |  4.0
Unarmed Combat | 3 4 5 6 |  6.6
Dodging        | 4 5 |  5.3
Shields        | 4 |  4.0
Fighting       | 4 5 |  5.2

Action                     |  1- 3 |  4- 6 |  7- 9 || total
---------------------------+-------+-------+-------++-------
  Melee: Unarmed           |    88 |       |       ||    88
         Constrict         |    25 |    26 |     7 ||    58
         Tentacles         |    15 |    14 |    12 ||    41
         Punch             |     2 |     2 |     1 ||     5
         Hand axe          |       |    89 |    38 ||   127
  Throw: Stone             |     2 |       |       ||     2
Ability: Lunge             |       |       |     5 ||     5
    Use: Scroll            |     3 |    11 |     1 ||    15
         Potion            |       |       |     2 ||     2
   Stab: Sleeping          |     2 |    10 |     3 ||    15
 Armour: Skin              |    24 |    28 |    19 ||    71
  Dodge: Dodged            |    47 |    37 |    12 ||    96
  Block: Buckler           |    14 |    43 |    20 ||    77
         Reflection        |       |     4 |       ||     4
